 Dungeon Crawl Stone Soup version 0.29-a0-234-g0dae59b3db (webtiles) character file.

Game seed: 18316111512532023496

222 enile the Magician (level 6, -8/46 HPs)
             Began as a Djinni Fire Elementalist on Mar 3, 2022.
             Was an Initiate of Yredelemnul.
             Mangled by an ogre
             ... wielding a +0 giant spiked club
              (35 damage)
             ... on level 4 of the Dungeon.
             The game lasted 00:04:34 (4058 turns).

enile the Magician (Djinni Fire Elementalist)       Turns: 4058, Time: 00:04:35

Health: -8/46      AC:  3    Str:  7    XL:     6   Next: 19%
Gold:   232        EV: 13    Int: 18    God:    Yredelemnul [......] SH:  5 Dex: 14

rFire   + + .      SeeInvis .   n - +0 mace (protect)
rCold   x . .      Faith    .   (no shield)
rNeg    . . .      Spirit   .   a - +1 robe
rPois   ∞          Reflect  +   (no helmet)
rElec   .          Harm     .   (no cloak)
rCorr   .          Rampage  .   (no gloves)
Will    .....                   (boots unavailable)
Stlth   ++........              m - amulet of reflection
HPRegen 0.15/turn               (no ring)
MPRegen 0.00/turn               (no ring)

@: flying
A: sickness immunity, fire resistance 2, cold vulnerability 1, float, innate
caster, HP casting, extra vitality 1
a: Renounce Religion, Recall Undead Harvest


You were on level 4 of the Dungeon.
You worshipped Yredelemnul.
Yredelemnul was noncommittal.
You visited 1 branch of the dungeon, and saw 4 of its levels.

You collected 232 gold pieces.

Inventory:

Hand Weapons
 e - a +0 broad axe
 h - a +2 whip of electrocution
 n - a +0 mace of protection (weapon)
Armour
 a - a +1 robe (worn)
Jewellery
 m - an amulet of reflection (around neck)
Wands
 d - a wand of digging (5)
 i - a wand of charming (4)
Scrolls
 c - 4 scrolls of identify {unknown}
 j - a scroll of brand weapon {unknown}
 k - 2 scrolls of teleportation {unknown}
 p - a scroll of summoning {unknown}
Potions
 b - a potion of degeneration {unknown}
 f - a potion of attraction {unknown}
 g - a potion of heal wounds {unknown}
 l - a potion of might {unknown}


   Skills:
 - Level 3.0 Fighting
 - Level 3.0 Dodging
 - Level 1.5 Stealth
 - Level 4.0 Spellcasting
 + Level 0.7 Invocations


You couldn't memorise any spells.
You knew the following spells:

 Your Spells              Type           Power      Damage    Failure   Level
a - Foxfire               Conj/Fire      72%        2x1d7     2%          1
b - Scorch                Fire           36%        2d7       4%          2
c - Conjure Flame         Conj/Fire      18%        6-21      9%          3
d - Inner Flame           Hex/Fire       18%        N/A       9%          3
e - Flame Wave            Conj/Fire      18%        2d6       28%         4
f - Summon Small Mammal   Summ           72%        N/A       2%          1
g - Searing Ray           Conj           36%        2d5       4%          2
Your spell library was empty.

Dungeon Overview and Level Annotations

Branches:
Dungeon (4/15)             Temple (0/1) D:4

Altars:
Xom
Yredelemnul

Annotations:
D:3 Pikel


Innate Abilities, Weirdness & Mutations

You are immune to sickness and miasma.
You are immune to poison.
Your flesh is very heat resistant. (rF++)
You are vulnerable to cold. (rC-)
You float through the air rather than walking.
You learn spells naturally, not from books.
Your magical power is your life essence.
You have superior vitality. (+4 MHP)


Message History

The orc hits your kobold zombie with a +0 dagger.
Your kobold zombie misses the orc.
The orc barely misses your kobold zombie.
Your kobold zombie hits the orc but does no damage.
Casting: Scorch (safe; 4% risk of failure)
Confirm with . or Enter, or press ? or * to list all spells.
Flames lash the orc.
The orc is burned terribly!
The orc is almost dead.
The orc hits your kobold zombie with a +0 dagger.
Your kobold zombie is destroyed!
Casting: Scorch (safe; 4% risk of failure)
Confirm with . or Enter, or press ? or * to list all spells.
Flames lash the orc.
The orc is burned terribly!
You kill the orc!
A black mist starts to gather...
The adder closely misses you. The adder barely misses you.
The adder barely misses you.
Casting: Scorch (safe; 4% risk of failure)
Confirm with . or Enter, or press ? or * to list all spells.
Flames lash the adder.
The adder is severely wounded.
The adder's fire resistance burns away.
The adder closely misses you.
Your orc zombie closely misses the adder.
The adder bites you.
Your orc zombie misses the adder.
Casting: Scorch (safe; 4% risk of failure)
Confirm with . or Enter, or press ? or * to list all spells.
Flames lash the adder.
The adder is burned terribly!
You kill the adder!
Things that are here:
a +0 dagger; a +0 chain mail
Found a ruby potion.
Found 4 gold pieces.
Found a sharpened lead wand.
g - a ruby potion
i - a wand of charming (4)
Found 11 gold pieces.
The ogre hits you with a +0 giant spiked club!!
Ouch! That really hurt!
You die...
Your body rises from the dead as a mindless zombie.

#..#...####.$.......
#........##.........
#.#..###............
..... #...#.........
........#.#.........
.....####...........
.........Z..##......
...$.#..............
.......@##..###.....
....#.#.O#..# ##...
..### #..##.# ... ..
##.##.# . ... ....#
#. >..##...#
#..S5....#.#### ..
###......##.
###.5..........


You could see an ogre and a friendly orc zombie.

Vanquished Creatures
  A phantom (D:3)
  Terence (D:2)
  4 adders
  A worm (D:2)
  4 dart slugs
  14 orcs
  6 endoplasms
  4 goblins
  4 hobgoblins
  3 kobolds
  3 quokkas
  7 ball pythons
  7 bats
  2 frilled lizards
  7 rats
68 creatures vanquished.

Vanquished Creatures (collateral kills)
  17 foxfires (D:1)
17 creatures vanquished.

Vanquished Creatures (others)
  A kobold zombie (D:4)
  220 foxfires
221 creatures vanquished.

Grand Total: 306 creatures vanquished

Notes
Turn   | Place    | Note
-------+----------+-------------------------------------------
     0 | D:1      | enile the Djinni Fire Elementalist began the quest for the
                  | Orb.
     0 | D:1      | Reached XP level 1. HP: 15/15 MP: 0/0
   202 | D:1      | Reached skill level 1 in Fighting
   531 | D:1      | Reached XP level 2. HP: 19/22 MP: 0/0
  1315 | D:2      | Reached XP level 3. HP: 27/29 MP: 0/0
  1315 | D:2      | Learned a level 1 spell: Summon Small Mammal
  1512 | D:2      | Noticed Terence
  1520 | D:2      | Killed Terence
  1521 | D:2      | Reached XP level 4. HP: 3/35 MP: 0/0
  2667 | D:3      | Noticed a phantom
  2678 | D:3      | Killed a phantom
  2679 | D:3      | Reached skill level 3 in Spellcasting
  2679 | D:3      | Reached XP level 5. HP: 31/40 MP: 0/0
  2679 | D:3      | Learned a level 2 spell: Searing Ray
  2853 | D:3      | Found a basalt altar of Yredelemnul.
  2982 | D:3      | Found a shimmering altar of Xom.
  3376 | D:3      | Reached XP level 6. HP: 24/46 MP: 0/0
  3772 | D:3      | Became a worshipper of Yredelemnul the Dark
  3794 | D:4      | Noticed Pikel
  3798 | D:4      | Noticed an ogre
  3799 | D:4      | Found a staircase to the Ecumenical Temple.
  4027 | D:4      | Reached skill level 4 in Spellcasting
  4058 | D:4      | Mangled by an ogre

Illustrated notes

Levels and vault maps discovered:
D:1:      evilmike_arrival_fibonacci_small, layout_basic, minmay_hedge_maze,
          minmay_misc_feat_five, st_stairs_3
D:2:      minmay_chambers_of_ones, layout_rooms, mrwooster_statue_mirror,
          uniq_terence
D:3:      layout_basic, amcnicky_altar_gilded, yredelemnul_altar_generic
D:4:      layout_rooms, minmay_temple_entry_slanted, gup_sewer_entry_spiral,
          uniq_duvessa, uniq_pikel

Skill      XL: |  1  2  3  4  5  6 |
---------------+-------------------+-----
Fighting       | 1 2 3 |  3.0
Dodging        | 3 |  3.0
Spellcasting   | 3 4 |  4.0
Stealth        | |  1.5
Invocations    | |  0.7

Action                   |  1- 3 |  4- 6 || total
-------------------------+-------+-------++-------
Melee: Whip              |     2 |       ||     2
       Mace              |       |     1 ||     1
 Cast: Foxfire           |    63 |    81 ||   144
       Scorch            |       |    24 ||    24
       Inner Flame       |       |     1 ||     1
  Use: Scroll            |     1 |     3 ||     4
Armor: Robe              |     1 |     5 ||     6
Dodge: Dodged            |     2 |    19 ||    21
Block: Other             |       |     2 ||     2

Table legend: (Time is in decaauts)
 A = Elapsed time spent in this place.
 B = Non-inter-level travel time spent in this place.
 C = Inter-level travel time spent in this place.
 D = Time resting spent in this place.
 E = Time spent auto-exploring this place.
 F = Levels seen in this place.
 G = Mean time per level.
                   A        B        C        D        E       F      G
               +--------+--------+--------+--------+--------+-----+--------+
         Total |   4058 |   3908 |    150 |    454 |   2925 |   4 | 1014.5 |
       Dungeon |   4058 |   3908 |    150 |    454 |   2925 |   4 | 1014.5 |
               +--------+--------+--------+--------+--------+-----+--------+

Top non-repeatable levels by time:
     D:2: 1626 daAuts
     D:1: 1209 daAuts
     D:3: 1162 daAuts
     D:4: 60 daAuts
